 Dungeon Crawl Stone Soup version 0.16-a0-3909-g31f9ca0 (webtiles) character file.

56 PolkaDot the Caller (level 3, 0/24 HPs)
             Began as a Vampire Summoner on Feb 3, 2015.
             Slain by a centaur (3 damage)
             ... on level 3 of the Dungeon.
             The game lasted 00:04:38 (1797 turns).

PolkaDot the Caller (Vampire Summoner)              Turns: 1797, Time: 00:04:38

Health: 0/24       AC:  8    Str:  7    XL:     3   Next: 71%
Magic:  6/6        EV: 12    Int: 18    God:
Gold:   53         SH:  0    Dex: 14    Spells: 2 memorised, 3 levels left

rFire  . . .     SeeInvis +     g - +2 dagger (protect)
rCold  . . .     Clarity  .     a - +0 robe
rNeg   . . .     SustAb   .     (no shield)
rPois  .         Gourm    .     l - +0 helmet
rElec  .         Spirit   .     (no cloak)
rCorr  .         Warding  .     (no gloves)
rMut   .         Stasis   .     (no boots)
MR     .....                    (no amulet)
Stlth  +++.......               (no ring)
                                (no ring)

@: regenerating quickly, not resistant to hostile enchantments, fairly stealthy
A: bottle blood, fangs 3, see invisible, unbreathing
a: no special abilities


You were on level 3 of the Dungeon.
You were very full.

You visited 1 branch of the dungeon, and saw 3 of its levels.

You collected 53 gold pieces.

Inventory:

Hand weapons
 g - a +2 dagger of protection (weapon)
Armour
 a - a +0 robe (worn)
 l - a +0 helmet (worn)
Magical devices
 o - a wand of digging (4)
Scrolls
 e - a scroll of remove curse {unknown}
 f - a scroll of noise {unknown}
 m - 2 scrolls of identify {unknown}
 n - 3 scrolls of enchant armour {unknown}
 q - a scroll of teleportation {unknown}
 r - a scroll of enchant weapon {unknown}
Potions
 c - a potion of flight {unknown}
 d - a potion of heal wounds {unknown}
 h - 13 potions of blood {@*1}
 i - a potion of cure mutation {unknown}
 j - 2 potions of curing {unknown}
 k - 2 potions of might {unknown}
 p - a potion of brilliance {unknown}
Books
 b - a book of Callings

   Spells                             Type                      Level
   a - Summon Small Mammal            Summoning                    1
   b - Call Imp                       Summoning                    2
   c - Call Canine Familiar           Summoning                    3
   d - Summon Guardian Golem          Hexes/Summoning              4
   e - Summon Lightning Spire         Summoning/Air                4
   f - Summon Ice Beast               Ice/Summoning                4


   Skills:
 * Level 2.5 Short Blades
 - Level 2.1 Dodging
 + Level 3.2 Stealth
 - Level 2.0 Spellcasting
 + Level 4.6 Summonings


You had 3 spell levels left.
You knew the following spells:

 Your Spells              Type           Power        Failure   Level  Hunger
s - Call Imp              Summ           ###.....     4%          2    ###....
z - Summon Small Mammal   Summ           ###.         2%          1    #......


Dungeon Overview and Level Annotations

Branches:
Dungeon (3/15)

Altars:
The Shining One


Innate Abilities, Weirdness & Mutations

Your natural rate of healing is unusually fast.
You can bottle blood from corpses.
You have razor-sharp teeth.
You have supernaturally acute eyesight.
You can survive without breathing.


Message History

h - 13 potions of blood {@*1} (gained 1)
Things that are here:
a mace; an orc skeleton
r - a scroll labeled CEXEF NINOPT A centaur comes into view.
You see here a fuming white potion.
The centaur shouts!
You hear a shout!
You hear a shout!
You hear a shout!
The centaur wields a shortbow.
The centaur shoots an arrow.
The arrow misses you.
A giant mite comes into view.
The centaur shoots an arrow.
The arrow hits you.
The centaur shoots an arrow.
The arrow hits you!
Ouch! That really hurt!
* * * LOW HITPOINT WARNING * * *
You see here 2 arrows.
An orc comes into view. It is wielding a flail.
The orc moves out of view.
The centaur unwields an uncursed shortbow.
The centaur hits you.
You die...

#. ######## # .. +.......
. ... #. #.....#.#. ยง#.
#.....#..# ?^ #.....##.#
#^# ####.....##.# ..
#.........#.## .#
.##.##......#..##c###....
........)..!...(@...!....
.##.#..#.##........##..##
###.#....)(........#
....#....#....=....#
##..#....#.....$....#
.......%.#..........#
.#.#................#
.#.####...........#.#
.#.. #.#....#).#.


You could see a centaur.

Vanquished Creatures
  A giant gecko (D:1)
  An ooze (D:2)
  4 orcs (D:3)
  5 bats
  3 giant cockroaches (D:2)
  A hobgoblin (D:1)
  2 jackals (D:2)
  4 kobolds
  5 giant newts (D:1)
  10 goblins
  8 rats
44 creatures vanquished.

Vanquished Creatures (collateral kills)
  An ooze (D:1)
  A hobgoblin (D:1)
  A goblin (D:1)
  A rat (D:1)
4 creatures vanquished.

Grand Total: 48 creatures vanquished

Notes
Turn   | Place    | Note
--------------------------------------------------------------
     0 | D:1      | PolkaDot, the Vampire Summoner, began the quest for the Orb.
     0 | D:1      | Reached XP level 1. HP: 13/13 MP: 3/3
   588 | D:1      | Reached XP level 2. HP: 19/19 MP: 4/4
   833 | D:1      | Reached skill level 1 in Short Blades
  1038 | D:1      | Learned a level 2 spell: Call Imp
  1172 | D:2      | Reached XP level 3. HP: 24/24 MP: 6/6
  1327 | D:2      | Found a glowing golden altar of the Shining One.
  1791 | D:3      | Noticed a centaur
  1797 | D:3      | Slain by a centaur

Action                   || total
-------------------------++-------
Melee: Unarmed           ||    36
       Dagger            ||   120
 Cast: Summon Small Mamm ||    10
  Use: Potion            ||     7
 Stab: Sleeping          ||     9
  Eat: Corpse            ||     8
